[Event "78th GEO-ch Women 1st League 2021"]
[Site "Tbilisi"]
[Date "2021.03.18"]
[Round "1.9"]
[White "Esadze, Tamari"]
[Black "Mgeladze, Kesaria"]
[Result "1/2-1/2"]
[ECO "B67"]
[WhiteElo "1889"]
[BlackElo "1380"]
[Annotator "NA RC"]
[PlyCount "62"]
[EventDate "2021.03.18"]
[EventType "swiss"]
[EventCountry "GEO"]
[SourceTitle "playchess.com"]
[Source "ChessBase"]
[SourceQuality "1"]
[TimeControl "5400+30"]

1. e4 c5 2. Nf3 d6 3. d4 cxd4 4. Nxd4 Nf6 5. Nc3 Nc6 6. Bg5 e6 7. Qd2 a6 8. O-O-O Bd7 9. f4 b5 10. a3 Be7 11. Be2 h6 12. Bh4 Rc8 13. Nxc6 Bxc6 14. Bf3 Qc7 15. Bxf6 gxf6 16. Rhe1 a5 17. Bg4 Bd7 18. f5 h5 19. fxe6 fxe6 20. Be2 b4 21. Nb5 Qc5 22. a4 f5 23. Kb1 fxe4 24. Rf1 Kd8 25. Nxd6 Bxd6 26. Qxd6 Qxc2+ 27. Ka1 Qxa4+ 28. Kb1 Qc2+ 29. Ka1 Qa4+ 30. Kb1 Qc2+ 31. Ka1 Qa4+ 1/2-1/2

[Event "78th GEO-ch Women 1st League 2021"]
[Site "Tbilisi"]
[Date "2021.03.18"]
[Round "1.10"]
[White "Gvatua, Mariam"]
[Black "Kirtadze, Anastasia"]
[Result "1/2-1/2"]
[ECO "A45"]
[WhiteElo "1343"]
[BlackElo "1810"]
[Annotator "NA RC"]
[PlyCount "144"]
[EventDate "2021.03.18"]
[EventType "swiss"]
[EventCountry "GEO"]
[SourceTitle "playchess.com"]
[Source "ChessBase"]
[SourceQuality "1"]
[TimeControl "5400+30"]

1. d4 Nf6 2. Nc3 e6 3. Bg5 c5 4. d5 Qb6 5. Bxf6 gxf6 6. Rb1 Be7 7. e4 d6 8. Nf3 Rg8 9. Bb5+ Bd7 10. Bxd7+ Nxd7 11. O-O Nf8 12. Qd2 h5 13. Qh6 Ng6 14. dxe6 fxe6 15. Qxh5 O-O-O 16. Ne2 Qa6 17. Rfe1 Qc4 18. c3 Rg7 19. b3 Qa6 20. Qg4 Rdg8 21. Qxe6+ Kb8 22. g3 Qd3 23. Kg2 Qa6 24. a4 Rh8 25. Qf5 Ne5 26. Nxe5 fxe5 27. c4 Rf8 28. Qe6 Qc6 29. Nc3 Rf6 30. Qh3 Bf8 31. Qh4 Rgf7 32. Rf1 Qc8 33. f3 Rh6 34. Qg4 Qe8 35. Qg5 Rfh7 36. Rh1 Qc8 37. Nd5 Rh5 38. Qg4 Qd8 39. f4 exf4 40. Qxf4 Bg7 41. Rbf1 Rh8 42. Qf7 Be5 43. Nf4 Bxf4 44. Qxf4 a6 45. Rd1 Qg8 46. Rxd6 Ka8 47. Rd5 R5h6 48. h4 Ka7 49. h5 Qg7 50. Qf2 Rf8 51. Qxc5+ Ka8 52. Qd4 Qe7 53. Qe3 Rhf6 54. e5 Rf5 55. Rh4 Rg8 56. Rh3 Qa3 57. Rd2 Rgf8 58. h6 Qe7 59. Re2 Qe6 60. Qd4 Rf1 61. h7 Qf5 62. Kh2 Qb1 63. Kg2 Qf5 64. Qe3 Rf3 65. Qg1 Qg4 66. Kh2 Rxg3 67. Qxg3 Qxe2+ 68. Qg2 Qxe5+ 69. Kh1 Qe1+ 70. Kh2 Qe5+ 71. Rg3 Qh5+ 72. Rh3 Qe5+ 1/2-1/2

[Event "78th GEO-ch Women 1st League 2021"]
[Site "Tbilisi"]
[Date "2021.03.18"]
[Round "1.11"]
[White "Tsotsonava, Elene"]
[Black "Sordia, Marta"]
[Result "1-0"]
[ECO "B33"]
[WhiteElo "1805"]
[BlackElo "1226"]
[Annotator "NA RC"]
[PlyCount "107"]
[EventDate "2021.03.18"]
[EventType "swiss"]
[EventCountry "GEO"]
[SourceTitle "playchess.com"]
[Source "ChessBase"]
[SourceQuality "1"]
[TimeControl "5400+30"]

1. e4 c5 2. Nf3 Nc6 3. d4 cxd4 4. Nxd4 Nf6 5. Nc3 e5 6. Ndb5 d6 7. Bg5 a6 8. Na3 b5 9. Nd5 Be7 10. Bxf6 Bxf6 11. c3 Bg5 12. Nc2 Be6 13. a4 Rb8 14. Ncb4 Bxd5 15. Nxd5 O-O 16. Bd3 Ne7 17. Nb4 Qc8 18. axb5 axb5 19. O-O Nc6 20. Qb3 Rb6 21. Nd5 Rb7 22. Ra6 Ra7 23. Rxa7 Nxa7 24. Bxb5 Qb7 25. Bc4 Qxb3 26. Bxb3 Rb8 27. Nb4 Nc6 28. Nxc6 Rxb3 29. Rb1 Bd2 30. Ne7+ Kf8 31. Nd5 g6 32. Kf1 f5 33. Ke2 Bg5 34. f3 Ke8 35. Kd3 Kd7 36. Nb4 Bc1 37. Kc2 Rxb4 38. cxb4 Be3 39. Kd3 Bb6 40. Kc4 Kc6 41. b5+ Kc7 42. Kd5 Be3 43. Re1 Bd2 44. Rd1 Bb4 45. Kc4 Ba5 46. b4 Bb6 47. Kd5 Be3 48. Rd3 Bd4 49. Rxd4 exd4 50. Kxd4 fxe4 51. fxe4 Kb6 52. Kd5 Kxb5 53. Kxd6 Kxb4 54. e5 1-0

[Event "78th GEO-ch Women 1st League 2021"]
[Site "Tbilisi"]
[Date "2021.03.19"]
[Round "2.2"]
[White "Lomaia, Diana"]
[Black "Khurtsilava, Inga"]
[Result "1-0"]
[ECO "E07"]
[WhiteElo "1946"]
[BlackElo "2260"]
[Annotator "NA"]
[PlyCount "175"]
[EventDate "2021.03.18"]
[EventType "swiss"]
[EventCountry "GEO"]
[SourceTitle "playchess.com"]
[Source "ChessBase"]
[SourceQuality "1"]
[TimeControl "5400+30"]

1. d4 Nf6 2. c4 e6 3. Nc3 d5 4. Nf3 Be7 5. g3 O-O 6. Bg2 Nbd7 7. O-O c6 8. b3 Ne4 9. Qd3 f5 10. Nd2 Bf6 11. Bb2 Nxd2 12. Qxd2 dxc4 13. bxc4 Nb6 14. e3 Nxc4 15. Qe2 Nxb2 16. Qxb2 e5 17. dxe5 Bxe5 18. Qb3+ Kh8 19. Rad1 Qb6 20. Qc4 Bxc3 21. Qxc3 Be6 22. a3 Rad8 23. Rb1 Qc7 24. Qc5 a6 25. Rb4 a5 26. Rb6 a4 27. Rb4 Bb3 28. h4 Rf7 29. Kh2 Qe7 30. Qc3 Rd7 31. Rc1 h6 32. Bf1 Rf8 33. Bc4 Bd1 34. Bd3 Bb3 35. Bc4 Bxc4 36. Rxc4 Ra8 37. Rb1 Rd5 38. Rbb4 Rad8 39. Rf4 c5 40. Rxa4 b5 41. Ra6 Kh7 42. Qc2 Qe5 43. Ra5 g5 44. hxg5 hxg5 45. Rf3 Kg8 46. Ra6 g4 47. Rg6+ Kh8 48. Rf4 R8d7 49. Rh6+ Kg8 50. Rh5 Rf7 51. e4 Rd4 52. Rxg4+ Kf8 53. Rf4 Rc4 54. Qd2 Rd4 55. Qa5 Kg7 56. Qxb5 Rxe4 57. Rxe4 Qxe4 58. Qb8 Rf8 59. Qc7+ Rf7 60. Qxc5 Kg6 61. Rh4 Qe6 62. Qc1 Kg7 63. Qg5+ Qg6 64. Qxg6+ Kxg6 65. Rb4 Rc7 66. Rb3 Rc4 67. Kh3 Kg5 68. f4+ Kh5 69. Rb5 Kg6 70. Ra5 Rc1 71. a4 Rh1+ 72. Kg2 Ra1 73. Ra8 Kh5 74. a5 Kg6 75. a6 Kg7 76. a7 Ra3 77. Kh3 Kh7 78. Kh4 Kg7 79. g4 fxg4 80. Kxg4 Ra5 81. f5 Ra4+ 82. Kf3 Ra1 83. Ke2 Ra2+ 84. Kd3 Ra3+ 85. Kc4 Ra4+ 86. Kb3 Ra6 87. f6+ Rxf6 88. Rb8 1-0

[Event "78th GEO-ch Women 1st League 2021"]
[Site "Tbilisi"]
[Date "2021.03.19"]
[Round "2.3"]
[White "Vakhania, Alexandra"]
[Black "Tsotsonava, Elene"]
[Result "1-0"]
[ECO "B23"]
[WhiteElo "2134"]
[BlackElo "1805"]
[Annotator "NA"]
[PlyCount "57"]
[EventDate "2021.03.18"]
[EventType "swiss"]
[EventCountry "GEO"]
[SourceTitle "playchess.com"]
[Source "ChessBase"]
[SourceQuality "1"]
[TimeControl "5400+30"]

1. e4 c5 2. Nc3 Nc6 3. f4 g6 4. Nf3 Bg7 5. Bb5 Nd4 6. O-O e6 7. d3 Ne7 8. Nxd4 cxd4 9. Ne2 O-O 10. Kh1 a6 11. Ba4 b5 12. Bb3 Bb7 13. Ng3 d5 14. f5 Nc6 15. exd5 exd5 16. Qg4 Qd6 17. Qh4 Rfe8 18. f6 Bf8 19. Bh6 Rad8 20. Bxd5 Bxh6 21. Bxf7+ Kxf7 22. Qxh6 Ke6 23. Ne4 Qe5 24. Rae1 Kd7 25. f7 Rf8 26. Nf6+ Kc8 27. Rxe5 Nxe5 28. Qh3+ Nd7 29. Nxh7 1-0

[Event "78th GEO-ch Women 1st League 2021"]
[Site "Tbilisi"]
[Date "2021.03.19"]
[Round "2.4"]
[White "Mkrtchyan, Aida"]
[Black "Nikoladze, Sopio"]
[Result "0-1"]
[ECO "B07"]
[WhiteElo "1156"]
[BlackElo "2132"]
[Annotator "NA"]
[PlyCount "54"]
[EventDate "2021.03.18"]
[EventType "swiss"]
[EventCountry "GEO"]
[SourceTitle "playchess.com"]
[Source "ChessBase"]
[SourceQuality "1"]
[TimeControl "5400+30"]

1. e4 d6 2. d4 Nf6 3. e5 dxe5 4. dxe5 Qxd1+ 5. Kxd1 Ng4 6. Ke1 Nxe5 7. Bf4 Nbc6 8. Bb5 Bd7 9. Nc3 O-O-O 10. Nge2 Ng6 11. Be3 Nb4 12. Bxd7+ Rxd7 13. Rc1 e5 14. Nb5 a6 15. a3 Nd5 16. Nbc3 Nxe3 17. fxe3 Bc5 18. Nd1 f5 19. b4 Be7 20. c4 Rhd8 21. Rf1 f4 22. e4 Rd3 23. Nec3 Bh4+ 24. Nf2 Re3+ 25. Ne2 f3 26. gxf3 Nf4 27. Rc2 Ng2# 0-1

[Event "78th GEO-ch Women 1st League 2021"]
[Site "Tbilisi"]
[Date "2021.03.19"]
[Round "2.5"]
[White "Mikadze, Miranda"]
[Black "Sichinava, Mariam"]
[Result "1-0"]
[ECO "B22"]
[WhiteElo "2269"]
[BlackElo "1516"]
[Annotator "NA"]
[PlyCount "91"]
[EventDate "2021.03.18"]
[EventType "swiss"]
[EventCountry "GEO"]
[SourceTitle "playchess.com"]
[Source "ChessBase"]
[SourceQuality "1"]
[TimeControl "5400+30"]

1. e4 c5 2. c3 Nf6 3. e5 Nd5 4. Bc4 Nb6 5. Bb3 g6 6. Nf3 Bg7 7. O-O O-O 8. a4 a5 9. Na3 Nc6 10. d4 cxd4 11. cxd4 d6 12. exd6 exd6 13. h3 Bf5 14. Re1 d5 15. Bf4 Nb4 16. Re2 Rc8 17. Nb5 Bd3 18. Rd2 Bxb5 19. axb5 Nc4 20. Bxc4 Rxc4 21. Ne5 Rc8 22. Qa4 Bxe5 23. Bxe5 b6 24. Qb3 Qd7 25. Re1 f6 26. Bg3 Rfe8 27. Rde2 Qxb5 28. Qf3 Rxe2 29. Rxe2 Kf7 30. Be5 Qc6 31. h4 b5 32. h5 Qc1+ 33. Kh2 Qg5 34. g4 gxh5 35. gxh5 Rg8 36. Bg3 Nc6 37. Rc2 Rc8 38. Qd3 Qxh5+ 39. Kg1 Nb4 40. Qxb5 Rxc2 41. Qd7+ Kg6 42. Qe8+ Kg5 43. Bf4+ Kg4 44. f3+ Kh4 45. Qe1+ Kh3 46. Qg3# 1-0

[Event "78th GEO-ch Women 1st League 2021"]
[Site "Tbilisi"]
[Date "2021.03.19"]
[Round "2.6"]
[White "Kirtadze, Anastasia"]
[Black "Esadze, Tamari"]
[Result "0-1"]
[ECO "A13"]
[WhiteElo "1810"]
[BlackElo "1889"]
[Annotator "NA"]
[PlyCount "92"]
[EventDate "2021.03.18"]
[EventType "swiss"]
[EventCountry "GEO"]
[SourceTitle "playchess.com"]
[Source "ChessBase"]
[SourceQuality "1"]
[TimeControl "5400+30"]

1. Nf3 Nf6 2. c4 e6 3. e3 d5 4. b3 Be7 5. Bb2 O-O 6. Be2 c5 7. O-O Nc6 8. cxd5 exd5 9. d4 Be6 10. Nc3 Rc8 11. dxc5 Bxc5 12. Nb5 a6 13. Nbd4 Nxd4 14. Nxd4 Qe7 15. Bf3 Ne4 16. Qd3 Bd7 17. Rfd1 Bd6 18. g3 Rfd8 19. Qf1 Be5 20. Qg2 Bf6 21. Rab1 h6 22. Ba1 Ng5 23. Rbc1 Bh3 24. Qh1 Qa3 25. Rb1 Bxd4 26. Bxd4 Rc2 27. e4 Qxa2 28. exd5 Rdc8 29. Be3 R8c3 30. Ra1 Qxb3 31. Re1 Ra2 32. Rxa2 Qxa2 33. Bxg5 hxg5 34. Bg2 Bd7 35. Bf1 Qd2 36. Re7 Bf5 37. g4 Bg6 38. Qg2 Qf4 39. Re8+ Kh7 40. Re1 b5 41. Re8 f5 42. Rd8 fxg4 43. f3 Rxf3 44. d6 Qe3+ 45. Kh1 Rxf1+ 46. Qxf1 Be4+ 0-1

[Event "78th GEO-ch Women 1st League 2021"]
[Site "Tbilisi"]
[Date "2021.03.19"]
[Round "2.7"]
[White "Mgeladze, Kesaria"]
[Black "Bedoshvili, Dea"]
[Result "0-1"]
[ECO "B06"]
[WhiteElo "1380"]
[BlackElo "1667"]
[Annotator "NA"]
[PlyCount "114"]
[EventDate "2021.03.18"]
[EventType "swiss"]
[EventCountry "GEO"]
[SourceTitle "playchess.com"]
[Source "ChessBase"]
[SourceQuality "1"]
[TimeControl "5400+30"]

1. e4 g6 2. d4 Bg7 3. Nc3 d6 4. f4 Nd7 5. Nf3 a6 6. Bc4 Nh6 7. Be3 b5 8. Bb3 Bb7 9. h3 b4 10. Nd5 e6 11. Nxb4 a5 12. Nd3 a4 13. Bc4 d5 14. exd5 exd5 15. Bb5 c6 16. Bxc6 Bxc6 17. g4 O-O 18. Qd2 f5 19. Nfe5 Bb5 20. g5 Nf7 21. h4 Nfxe5 22. Nxe5 Nxe5 23. fxe5 Qa5 24. c3 Ba6 25. h5 Qb6 26. Bf4 Rfb8 27. Rb1 Bc4 28. hxg6 hxg6 29. Qh2 Bxa2 30. Rc1 Kf7 31. Rc2 Rh8 32. Qg2 Rxh1+ 33. Qxh1 a3 34. bxa3 Qb1+ 35. Rc1 Qe4+ 36. Qxe4 fxe4 37. Rc2 Rxa3 38. Rb2 Bf8 39. Kd2 Ra6 40. Rb8 Be7 41. Rb7 Ke6 42. Ke3 Rc6 43. Kd2 Kf5 44. Rxe7 Kxf4 45. Rf7+ Kxg5 46. Rf8 Kh6 47. Ke3 Rxc3+ 48. Kf2 Rf3+ 49. Rxf3 exf3 50. Kxf3 Kg5 51. Kg3 Kf5 52. Kf3 Bc4 53. Ke3 Bb5 54. Kf3 Bd7 55. Ke3 g5 56. Kf3 g4+ 57. Kg3 Ke4 0-1

[Event "78th GEO-ch Women 1st League 2021"]
[Site "Tbilisi"]
[Date "2021.03.19"]
[Round "2.8"]
[White "Pipia, Ekaterine"]
[Black "Gvatua, Mariam"]
[Result "1-0"]
[ECO "E11"]
[WhiteElo "2019"]
[BlackElo "1343"]
[Annotator "NA"]
[PlyCount "65"]
[EventDate "2021.03.18"]
[EventType "swiss"]
[EventCountry "GEO"]
[SourceTitle "playchess.com"]
[Source "ChessBase"]
[SourceQuality "1"]
[TimeControl "5400+30"]

1. d4 Nf6 2. c4 e6 3. Nf3 Bb4+ 4. Bd2 Qe7 5. Nc3 Bxc3 6. Bxc3 d5 7. e3 O-O 8. Rc1 b6 9. b3 Bb7 10. Bd3 Nbd7 11. O-O dxc4 12. bxc4 Ne4 13. Bb2 Ndf6 14. c5 bxc5 15. Ba3 Rfd8 16. Ne5 Nd7 17. Nxd7 Qxd7 18. Bxc5 Nxc5 19. Rxc5 Bd5 20. Qc2 c6 21. Bxh7+ Kh8 22. Bd3 Qd6 23. e4 Bxa2 24. Qxa2 Qxd4 25. Rh5+ Kg8 26. Rh3 a5 27. Qa3 a4 28. e5 g6 29. Re1 c5 30. Qc1 Kf8 31. Qg5 Ke8 32. Bb5+ Rd7 33. Rh8# 1-0

[Event "78th GEO-ch Women 1st League 2021"]
[Site "Tbilisi"]
[Date "2021.03.19"]
[Round "2.9"]
[White "Javakhishvili, Mariam"]
[Black "Tasoshvili, Tamar"]
[Result "1-0"]
[ECO "A42"]
[WhiteElo "1671"]
[BlackElo "1528"]
[Annotator "NA"]
[PlyCount "71"]
[EventDate "2021.03.18"]
[EventType "swiss"]
[EventCountry "GEO"]
[SourceTitle "playchess.com"]
[Source "ChessBase"]
[SourceQuality "1"]
[TimeControl "5400+30"]

1. d4 g6 2. c4 Bg7 3. Nc3 d6 4. e4 c6 5. f4 Nd7 6. Nf3 e5 7. Be2 Ne7 8. O-O exd4 9. Nxd4 Qb6 10. Be3 Qxb2 11. Rc1 Qb4 12. Qd2 O-O 13. Rfd1 Nf6 14. Rb1 Qa5 15. Nd5 Qd8 16. Nxf6+ Bxf6 17. Nf3 Bg7 18. Qxd6 Qxd6 19. Rxd6 b6 20. c5 b5 21. Nd4 Bxd4 22. Bxd4 Re8 23. Bf3 Be6 24. a3 Kf8 25. Bf6 Rac8 26. g4 Ng8 27. g5 Nxf6 28. gxf6 Red8 29. Rbd1 Ke8 30. e5 Bd7 31. Rxd7 Rxd7 32. Rxd7 Kxd7 33. Bg4+ Kc7 34. Bxc8 Kxc8 35. e6 fxe6 36. f7 1-0

[Event "78th GEO-ch Women 1st League 2021"]
[Site "Tbilisi"]
[Date "2021.03.19"]
[Round "2.10"]
[White "Oniani, Tamar"]
[Black "Mamardashvili, Ana"]
[Result "0-1"]
[ECO "D87"]
[WhiteElo "1604"]
[BlackElo "1416"]
[Annotator "NA"]
[PlyCount "142"]
[EventDate "2021.03.18"]
[EventType "swiss"]
[EventCountry "GEO"]
[SourceTitle "playchess.com"]
[Source "ChessBase"]
[SourceQuality "1"]
[TimeControl "5400+30"]

1. d4 Nf6 2. c4 g6 3. Nc3 d5 4. cxd5 Nxd5 5. e4 Nxc3 6. bxc3 Bg7 7. Bc4 c5 8. Ne2 O-O 9. O-O Nc6 10. Be3 Na5 11. Bd3 c4 12. Bc2 b5 13. Rb1 a6 14. f4 f5 15. exf5 gxf5 16. Ng3 Qd5 17. Qd2 Rb8 18. Bd1 Nb7 19. Bf3 Qd6 20. a4 Na5 21. axb5 axb5 22. Qf2 Nb3 23. Bd1 Be6 24. Nh5 Bd5 25. Qg3 Qh6 26. Nxg7 Qxg7 27. Bf3 e6 28. Bxd5 exd5 29. Qf3 Rbd8 30. Qd1 Kh8 31. Rf3 Rg8 32. Rg3 Qe7 33. Rxg8+ Rxg8 34. Qf3 Qf7 35. Bc1 Re8 36. Be3 Ra8 37. Re1 Rb8 38. Bf2 Nd2 39. Qe3 Ne4 40. Rb1 Qd7 41. Be1 Qa7 42. g3 Qa4 43. Rb4 Qa1 44. Kg2 Qd1 45. Rb2 Qa1 46. Rb4 Re8 47. Rxb5 Nd6 48. Rb8 Rxb8 49. Qe5+ Kg8 50. Qxd6 Rb2+ 51. Bf2 Qe1 52. Qxd5+ Kg7 53. Qd7+ Kf6 54. Qc6+ Qe6 55. Qf3 Qe4 56. Qxe4 fxe4 57. Kf1 Rc2 58. d5 Ke7 59. Bc5+ Kd7 60. Bd4 Rxh2 61. Bf2 Rh5 62. Ke2 Kd6 63. Bd4 Kxd5 64. Kf2 Rh2+ 65. Ke1 Rh1+ 66. Kf2 Rd1 67. Be5 h5 68. Bf6 Ke6 69. Be5 Kf5 70. Ke2 Rd3 71. Kf2 Kg4 0-1

[Event "78th GEO-ch Women 1st League 2021"]
[Site "Tbilisi"]
[Date "2021.03.19"]
[Round "2.11"]
[White "Dolakidze, Mariam"]
[Black "Antia, Sopia"]
[Result "0-1"]
[ECO "D11"]
[WhiteElo "1416"]
[BlackElo "1594"]
[Annotator "NA"]
[PlyCount "88"]
[EventDate "2021.03.18"]
[EventType "swiss"]
[EventCountry "GEO"]
[SourceTitle "playchess.com"]
[Source "ChessBase"]
[SourceQuality "1"]
[TimeControl "5400+30"]

1. Nf3 d5 2. g3 Bf5 3. Bg2 e6 4. c4 c6 5. b3 Nf6 6. d4 Nbd7 7. O-O h6 8. Bb2 Be7 9. Nc3 O-O 10. Rc1 Ne4 11. Nxe4 Bxe4 12. Nd2 Bxg2 13. Kxg2 f5 14. Nf3 a5 15. a3 Bf6 16. Qd2 Qb6 17. cxd5 exd5 18. Qd3 Rae8 19. e3 g6 20. Rfd1 Qd8 21. h4 Bg7 22. Rh1 Qe7 23. b4 axb4 24. axb4 Qe4 25. Rhd1 Nb6 26. Qxe4 fxe4 27. Nd2 Rf7 28. Rf1 Bf8 29. Ba3 Ra8 30. Ra1 Bd6 31. Rfc1 Raf8 32. Rf1 Na8 33. Nb1 Nc7 34. Nc3 b5 35. Nd1 Na8 36. Rc1 Rc7 37. Nb2 Nb6 38. Rc3 Kg7 39. Rfc1 Nc4 40. Nxc4 bxc4 41. Rb1 Ra7 42. Bc1 Ra2 43. Ra3 Rfxf2+ 44. Kg1 Rg2+ 0-1

[Event "78th GEO-ch Women 1st League 2021"]
[Site "Tbilisi"]
[Date "2021.03.20"]
[Round "3.1"]
[White "Nikoladze, Sopio"]
[Black "Vakhania, Alexandra"]
[Result "0-1"]
[ECO "D04"]
[WhiteElo "2132"]
[BlackElo "2134"]
[Annotator "NA"]
[PlyCount "62"]
[EventDate "2021.03.18"]
[EventType "swiss"]
[EventCountry "GEO"]
[SourceTitle "playchess.com"]
[Source "ChessBase"]
[SourceQuality "1"]
[TimeControl "5400+30"]

1. d4 Nf6 2. Nf3 d5 3. e3 c5 4. b3 Nc6 5. Bd3 Bg4 6. Bb2 e6 7. Nbd2 cxd4 8. exd4 Bd6 9. O-O O-O 10. a3 e5 11. dxe5 Bxe5 12. Qb1 Bf4 13. h3 Bh5 14. g3 Bc7 15. b4 Re8 16. b5 Na5 17. g4 Bg6 18. Bd4 Nc4 19. Nxc4 dxc4 20. Bxg6 hxg6 21. Qb2 Qd5 22. Nh2 Bxh2+ 23. Kxh2 Nxg4+ 24. hxg4 Re4 25. f3 Rxd4 26. Rf2 Qe5+ 27. Kh3 f5 28. Re1 Qf4 29. Rg1 Kf7 30. Rg3 Rh8+ 31. Kg2 Qh6 0-1

[Event "78th GEO-ch Women 1st League 2021"]
[Site "Tbilisi"]
[Date "2021.03.20"]
[Round "3.2"]
[White "Gvetadze, Sofio"]
[Black "Lomaia, Diana"]
[Result "1/2-1/2"]
[ECO "A34"]
[WhiteElo "2317"]
[BlackElo "1946"]
[Annotator "NA"]
[PlyCount "63"]
[EventDate "2021.03.18"]
[EventType "swiss"]
[EventCountry "GEO"]
[SourceTitle "playchess.com"]
[Source "ChessBase"]
[SourceQuality "1"]
[TimeControl "5400+30"]

1. e4 c5 2. Nf3 e6 3. c4 Nc6 4. Nc3 Nf6 5. Be2 d5 6. exd5 exd5 7. d4 Be6 8. cxd5 Nxd5 9. O-O Be7 10. Ne4 cxd4 11. Nxd4 Nxd4 12. Qxd4 O-O 13. Nc5 Bxc5 14. Qxc5 Qf6 15. a3 Rfd8 16. Bf3 b6 17. Qb5 Rac8 18. Re1 h6 19. Qa4 Rc7 20. Bxd5 Rxd5 21. Qf4 Qxf4 22. Bxf4 Rc2 23. b4 a5 24. bxa5 bxa5 25. h3 Rd3 26. Re3 Rxe3 27. Bxe3 a4 28. Rc1 Rxc1+ 29. Bxc1 Kf8 30. Bb2 g6 31. Bc3 Ke7 32. Bb4+ 1/2-1/2

[Event "78th GEO-ch Women 1st League 2021"]
[Site "Tbilisi"]
[Date "2021.03.20"]
[Round "3.3"]
[White "Esadze, Tamari"]
[Black "Mikadze, Miranda"]
[Result "1-0"]
[ECO "C60"]
[WhiteElo "1889"]
[BlackElo "2269"]
[Annotator "NA"]
[PlyCount "89"]
[EventDate "2021.03.18"]
[EventType "swiss"]
[EventCountry "GEO"]
[SourceTitle "playchess.com"]
[Source "ChessBase"]
[SourceQuality "1"]
[TimeControl "5400+30"]

1. e4 e5 2. Nf3 Nc6 3. Bb5 Nge7 4. O-O g6 5. c3 Bg7 6. d4 a6 7. Ba4 exd4 8. cxd4 b5 9. Bc2 O-O 10. Be3 d5 11. e5 Bf5 12. Bxf5 Nxf5 13. Qc2 Na5 14. Bd2 Nc4 15. Bb4 Re8 16. b3 Nb6 17. Nbd2 f6 18. Rfe1 fxe5 19. dxe5 Rc8 20. Qc6 Qd7 21. Rac1 Re6 22. Qxd7 Nxd7 23. g4 Nh6 24. Bd6 Nxg4 25. Ng5 Ree8 26. e6 Nf8 27. e7 Nd7 28. Ne6 Bh6 29. Rxc7 Ngf6 30. Nf3 Nb6 31. Rxc8 Nxc8 32. Bc5 Ne4 33. Nc7 Rxe7 34. Bxe7 Nxe7 35. Nxa6 Nc6 36. Nc7 Nc3 37. Re6 Nb4 38. a3 Nc2 39. Rc6 d4 40. Ne6 Ne2+ 41. Kf1 d3 42. Ne5 Bf8 43. Rc8 h6 44. Rxf8+ Kh7 45. Rf7+ 1-0

[Event "78th GEO-ch Women 1st League 2021"]
[Site "Tbilisi"]
[Date "2021.03.20"]
[Round "3.4"]
[White "Bedoshvili, Dea"]
[Black "Janiashvili, Mariami"]
[Result "1/2-1/2"]
[ECO "D05"]
[WhiteElo "1667"]
[BlackElo "1963"]
[Annotator "NA RC"]
[PlyCount "81"]
[EventDate "2021.03.18"]
[EventType "swiss"]
[EventCountry "GEO"]
[SourceTitle "playchess.com"]
[Source "ChessBase"]
[SourceQuality "1"]
[TimeControl "5400+30"]

1. d4 Nf6 2. Nf3 d5 3. Nbd2 c5 4. e3 e6 5. c3 Nc6 6. Bd3 Bd6 7. O-O O-O 8. dxc5 Bxc5 9. e4 Qc7 10. Qc2 h6 11. exd5 Nxd5 12. Ne4 Be7 13. a3 b6 14. c4 Nf4 15. Bxf4 Qxf4 16. Ng3 f5 17. Rae1 e5 18. Nh5 Qg4 19. Nxe5 Nxe5 20. Rxe5 Bd6 21. Be2 Qg6 22. Re3 Bb7 23. g3 Be4 24. Qb3 Kh8 25. Rd1 Rad8 26. c5 Bxc5 27. Nf4 Rxd1+ 28. Bxd1 Qd6 29. Re1 Rd8 30. Be2 Qd4 31. Rf1 Qf6 32. Rd1 Rxd1+ 33. Qxd1 Qxb2 34. Qd8+ Kh7 35. Qe8 Qf6 36. Bc4 Bxf2+ 37. Kxf2 Qd4+ 38. Ke1 Qc3+ 39. Kf2 Qd4+ 40. Ke1 Qc3+ 41. Kf2 1/2-1/2

[Event "78th GEO-ch Women 1st League 2021"]
[Site "Tbilisi"]
[Date "2021.03.20"]
[Round "3.6"]
[White "Sordia, Marta"]
[Black "Pipia, Ekaterine"]
[Result "0-1"]
[ECO "B06"]
[WhiteElo "1226"]
[BlackElo "2019"]
[Annotator "NA"]
[PlyCount "66"]
[EventDate "2021.03.18"]
[EventType "swiss"]
[EventCountry "GEO"]
[SourceTitle "playchess.com"]
[Source "ChessBase"]
[SourceQuality "1"]
[TimeControl "5400+30"]

1. e4 g6 2. d4 Bg7 3. Nc3 d6 4. Be3 a6 5. Qd2 b5 6. f3 Nd7 7. g4 Bb7 8. h4 h6 9. O-O-O Rc8 10. Kb1 c5 11. dxc5 Nxc5 12. Bd4 Nf6 13. Nh3 Ne6 14. Be3 Nd7 15. Ne2 Ne5 16. Neg1 Nxf3 17. Nxf3 Bxe4 18. Rc1 Bxf3 19. Rg1 Nc5 20. Nf2 Na4 21. Bd4 e5 22. Be3 d5 23. Re1 Qc7 24. Be2 Bxe2 25. Rxe2 d4 26. Bxd4 O-O 27. Be3 Rfd8 28. Qe1 e4 29. Nd1 Rxd1+ 30. Qxd1 Nc3+ 31. bxc3 Qxc3 32. Bd4 Bxd4 33. Kc1 e3 0-1

[Event "78th GEO-ch Women 1st League 2021"]
[Site "Tbilisi"]
[Date "2021.03.20"]
[Round "3.7"]
[White "Tsotsonava, Elene"]
[Black "Mkrtchyan, Aida"]
[Result "1-0"]
[ECO "C08"]
[WhiteElo "1805"]
[BlackElo "1156"]
[Annotator "NA"]
[PlyCount "55"]
[EventDate "2021.03.18"]
[EventType "swiss"]
[EventCountry "GEO"]
[SourceTitle "playchess.com"]
[Source "ChessBase"]
[SourceQuality "1"]
[TimeControl "5400+30"]

1. e4 e6 2. d4 d5 3. Nd2 c5 4. exd5 exd5 5. Ngf3 Bg4 6. Bb5+ Nc6 7. O-O Qb6 8. Re1+ Nge7 9. Bxc6+ bxc6 10. dxc5 Qxc5 11. Nb3 Qd6 12. Be3 h5 13. Bc5 Qc7 14. Qd3 O-O-O 15. Ne5 Be6 16. Nd4 g6 17. Nxe6 fxe6 18. Nf7 Bg7 19. Nxd8 Rxd8 20. Rxe6 Rd7 21. Qa6+ Kb8 22. Rae1 Bf8 23. R1e3 d4 24. Rb3+ Ka8 25. Bd6 Qd8 26. Rxe7 Rxe7 27. Qxc6+ Rb7 28. Qxb7# 1-0

[Event "78th GEO-ch Women 1st League 2021"]
[Site "Tbilisi"]
[Date "2021.03.20"]
[Round "3.8"]
[White "Sichinava, Mariam"]
[Black "Javakhishvili, Mariam"]
[Result "1/2-1/2"]
[ECO "E68"]
[WhiteElo "1516"]
[BlackElo "1671"]
[Annotator "NA"]
[PlyCount "68"]
[EventDate "2021.03.18"]
[EventType "swiss"]
[EventCountry "GEO"]
[SourceTitle "playchess.com"]
[Source "ChessBase"]
[SourceQuality "1"]
[TimeControl "5400+30"]

1. Nf3 Nf6 2. g3 g6 3. Bg2 Bg7 4. c4 O-O 5. O-O d6 6. d4 Nbd7 7. Nc3 c6 8. e4 e5 9. d5 Nc5 10. Re1 a5 11. Qc2 Ne8 12. Be3 Qe7 13. Bxc5 dxc5 14. Na4 Bd7 15. Nb6 Ra6 16. Nxd7 Qxd7 17. Rad1 Nd6 18. b3 Qe7 19. Qd2 Rd8 20. Qe3 b6 21. dxc6 Qc7 22. Rd5 f6 23. Red1 Qxc6 24. Qd3 Bf8 25. Ne1 Raa8 26. f4 Nf7 27. Nf3 Rxd5 28. exd5 Qd6 29. fxe5 Nxe5 30. Nxe5 fxe5 31. Bh3 Bg7 32. Be6+ Kh8 33. Rf1 Rf8 34. Rxf8+ Bxf8 1/2-1/2

[Event "78th GEO-ch Women 1st League 2021"]
[Site "Tbilisi"]
[Date "2021.03.20"]
[Round "3.9"]
[White "Mamardashvili, Ana"]
[Black "Kirtadze, Anastasia"]
[Result "0-1"]
[ECO "D58"]
[WhiteElo "1416"]
[BlackElo "1810"]
[Annotator "NA"]
[PlyCount "50"]
[EventDate "2021.03.18"]
[EventType "swiss"]
[EventCountry "GEO"]
[SourceTitle "playchess.com"]
[Source "ChessBase"]
[SourceQuality "1"]
[TimeControl "5400+30"]

1. d4 Nf6 2. c4 e6 3. Nc3 d5 4. Nf3 Be7 5. Bg5 O-O 6. e3 b6 7. cxd5 exd5 8. Bd3 h6 9. Bh4 Bg4 10. O-O c6 11. h3 Bh5 12. Rc1 Nbd7 13. Bg3 Re8 14. Ba6 Ne4 15. Bb7 Bxf3 16. gxf3 Nxg3 17. fxg3 Qc7 18. Bxa8 Qxg3+ 19. Kh1 Qxh3+ 20. Kg1 Qg3+ 21. Kh1 Bd6 22. Qe2 Qh3+ 23. Kg1 Re6 24. Qg2 Rg6 25. Qxg6 Qh2# 0-1